AoeStats
← St. Stacy

Marketplace

504106335Analyzed
1v1 RM · 29d ago on Sep 3, 2026· 57m 26s· 2 players
Game mode
Random Map
Map size
Tiny (2 player)
Population
200
Speed
Normal
Resources
Standard
Victory
Conquest
Starting age
Dark Age
Ending age
Imperial Age
RankedLock teamsTeams togetherTeam positionsShared explorationLock speedFull tech treeHidden civsTurbo modeCheats
Victory
Defeat
🇦🇷 Bohemians · Argentina
735
+18
🇬🇧 Chinese · United Kingdom
773
-18
Kenshi995
7:30 Loom
10:58 Feudal Age
12:50 Double-Bit Axe
18:18 Horse Collar
21:10 Castle Age
19:47 Wheelbarrow
21:13 Castle Age
22:21 Fletching
22:32 Padded Archer Armor
22:59 Town Watch
26:01 Crossbowman
27:18 Caravan
29:04 Ballistics
29:14 Pikeman
33:43 Imperial Age
34:48 Conscription
35:47 Forging
35:37 Scale Mail Armor
36:27 Halberdier
37:21 Heavy Plow
37:36 Bow Saw
38:39 Iron Casting
38:20 Chain Mail Armor
38:03 Capped Ram
41:49 Chemistry
41:05 Elite Hussite Wagon
42:23 Wagenburg Tactics
43:32 Squires
St. Stacy
1:21 Loom
12:45 Feudal Age
14:03 Double-Bit Axe
16:25 Horse Collar
19:22 Wheelbarrow
24:23 Castle Age
23:33 Forging
23:18 Fletching
23:29 Padded Archer Armor
26:24 Thumb Ring
25:49 Crossbowman
26:47 Bow Saw
26:55 Bow Saw
27:35 Bodkin Arrow
29:15 Leather Archer Armor
28:26 Elite Skirmisher
29:52 Bloodlines
31:47 Hand Cart
32:54 Scale Barding Armor
35:20 Chain Barding Armor
38:41 Imperial Age
36:43 Heavy Plow
39:23 Arbalester
40:06 Bracer
40:36 Ring Archer Armor
39:55 Capped Ram
41:02 Light Cavalry
43:14 Two-Man Saw
43:23 Plate Barding Armor
44:09 Murder Holes
44:35 Ballistics
47:30 Cavalier
48:27 Forging
48:17 Pikeman
55:10 Scale Mail Armor
Connection lost

Rejoining the realm…

Still unreachable

The connection could not be restored.

Session expired

The server has moved on; the page needs a fresh start.